 Seeded DCSS version 0.29.1-13-g9f3cf754e1 (webtiles) character file.

Game seed: 16245865983455551772 (custom seed)

73515 Trevise the Marksgnoll (level 15, 0/119 HPs)
             Began as a Gnoll Hunter on Jan 24, 2023.
             Was a High Priest of Cheibriados.
             Killed by divine providence
             ... invoked by an orc priest
              (15 damage)
             ... on level 2 of the Orcish Mines.
             The game lasted 00:47:32 (17958 turns).

Trevise the Marksgnoll (Gnoll Hunter)              Turns: 17958, Time: 00:47:33

Health: 0/119      AC: 37    Str: 31    XL:     15   Next: 43%
Magic:  15/29      EV: 15    Int: 32    God:    Cheibriados [*****.]
Gold:   1583       SH: 16    Dex: 34    Spells: 32/34 levels left

rFire   + . .      SeeInvis +   a - +3 demon whip (venom)
rCold   . . .      Faith    .   t - +0 kite shield
rNeg    . . .      Spirit   .   w - +8 orange crystal plate armour {Archmagi, Int+3 Clar}
rPois   .          Reflect  .   p - +0 helmet {SInv}
rElec   +          Harm     .   G - +1 cloak {Stlth+}
rCorr   .          Rampage  .   A - +1 pair of gloves
Will    ++...      Archmagi +   n - +1 pair of boots
Stlth   .......... Clarity  +   o - amulet of regeneration
HPRegen 1.09/turn               x - +6 ring of intelligence
MPRegen 0.21/turn               F - ring "Vokug" {rElec rF+ Will+ Str+6 Dex+4}

@: studying Ranged Weapons, very slow
A: fangs 1, strong nose, distributed training
a: Renounce Religion, Bend Time, Temporal Distortion, Slouch, Step From Time


You were on level 2 of the Orcish Mines.
You worshipped Cheibriados.
Cheibriados was extremely pleased with you.
You visited 4 branches of the dungeon, and saw 22 of its levels.

You collected 2888 gold pieces.
You spent 1305 gold pieces at shops.

Inventory:

Hand Weapons
 a - a +3 demon whip of venom (weapon)
   (You took it off Amaemon on level 7 of the Dungeon)
 i - a +3 great sword
   (You took it off a wight on level 10 of the Dungeon)
 E - a +1 demon blade of distortion {!w}
   (You took it off a hell knight on level 11 of the Dungeon)
Missiles
 b - 2 boomerangs
 c - 2 curare-tipped darts
 s - 38 stones
 H - 7 javelins
Armour
 n - a +1 pair of boots (worn)
   (You bought it in a shop on level 3 of the Dungeon)
 p - a +0 helmet of see invisible (worn)
   (You bought it in a shop on level 4 of the Dungeon)
 t - a +0 kite shield (worn)
   (You found it on level 4 of the Dungeon)
 w - the +8 orange crystal plate armour (worn) {Archmagi, Int+3 Clar}
   (You acquired it on level 7 of the Dungeon)

   Int:       It affects your intelligence (+3).
   Clar:      It protects you against confusion.
 A - a +1 pair of gloves (worn)
   (You found it on level 6 of the Dungeon)
 G - a +1 cloak of stealth (worn)
   (You found it on level 11 of the Dungeon)
Jewellery
 f - a ring of fire {rF+, rC-}
   (You found it on level 4 of the Lair of Beasts)
 o - an amulet of regeneration (around neck)
   (You found it on level 3 of the Dungeon)
 x - a +6 ring of intelligence (left hand)
   (You found it on level 1 of the Dungeon)
 C - a ring of protection from cold {rC+, !d}
   (You found it on level 2 of the Lair of Beasts)
 F - the ring "Vokug" (right hand) {rElec rF+ Will+ Str+6 Dex+4}
   (You bought it in a shop on level 7 of the Dungeon)

   [ring of strength]

   Str:       It affects your strength (+6).
   Dex:       It affects your dexterity (+4).
   rF:        It protects you from fire.
   rElec:     It insulates you from electricity.
   Will:      It increases your willpower.
Wands
 d - a wand of digging (7)
   (You found it on level 12 of the Dungeon)
 e - a wand of charming (10)
   (You found it on level 3 of the Lair of Beasts)
 l - a wand of roots (34)
   (You took it off a hobgoblin on level 3 of the Dungeon)
 q - a wand of flame (118)
   (You found it on level 6 of the Dungeon)
 y - a wand of mindburst (11)
   (You found it on level 3 of the Lair of Beasts)
Scrolls
 h - 2 scrolls of enchant armour
 j - 9 scrolls of amnesia
 r - 2 scrolls of identify {@r1}
 u - 2 scrolls of noise {!r}
 K - 4 scrolls of immolation {!r}
 O - a scroll of silence
 S - 3 scrolls of summoning
 V - 2 scrolls of vulnerability {!r!r}
 X - 2 scrolls of magic mapping {@r4!r}
 Y - 11 scrolls of teleportation {@r3}
Potions
 B - 9 potions of brilliance
 D - 8 potions of attraction {!q}
 I - a potion of invisibility
 J - 10 potions of curing {@q1}
 L - 3 potions of flight
 M - 3 potions of magic
 N - 5 potions of heal wounds {@q2}
 P - 6 potions of lignification {!q}
 R - 2 potions of might
 T - 4 potions of berserk rage {!q}
 U - 2 potions of mutation {!q}
 W - 2 potions of cancellation
Miscellaneous
 g - a tin of tremorstones (2/2)
   (You found it on level 5 of the Lair of Beasts)
 m - a phantom mirror
   (You found it on level 5 of the Lair of Beasts)
 v - a lightning rod (4/4)
   (You found it on level 11 of the Dungeon)
 z - a box of beasts
   (You found it on level 5 of the Lair of Beasts)
 Z - a tin of tremorstones (2/2)
   (You found it on level 14 of the Dungeon)


   Skills:
 + Level 11.4 Fighting
 + Level 10.4 Short Blades
 + Level 10.4 Long Blades
 + Level 10.4 Axes
 + Level 10.4 Maces & Flails
 + Level 10.4 Polearms
 + Level 10.4 Staves
 + Level 16.5 Ranged Weapons
 + Level 10.4 Throwing
 + Level 10.4 Armour
 + Level 11.4 Dodging
 + Level 10.7 Stealth
 + Level 10.4 Shields
 + Level 10.4 Unarmed Combat
 + Level 10.4 Spellcasting
 + Level 8.8 Conjurations
 + Level 8.8 Hexes
 + Level 8.8 Summonings
 + Level 8.8 Necromancy
 + Level 8.8 Translocations
 + Level 8.8 Transmutations
 + Level 8.8 Fire Magic
 + Level 8.8 Ice Magic
 + Level 8.8 Air Magic
 + Level 8.8 Earth Magic
 + Level 8.8 Poison Magic
 + Level 11.3 Invocations
 + Level 10.4 Evocations


You had 32 spell levels left.
You knew the following spells:

 Your Spells              Type           Power      Damage    Failure   Level
b - Blink                 Tloc           100%       N/A       6%          2

Your spell library contained the following spells:

 Spells                   Type           Power      Damage    Failure   Level
 Sting                    Tmut/Pois      100%       1d8       3%          1
 Ensorcelled Hibernation  Hex/Ice        100%       N/A       6%          2
 Poisonous Vapours        Pois/Air       100%       N/A       6%          2
 Confusing Touch          Hex            83%        N/A       12%         3
 Lesser Beckoning         Tloc           83%        N/A       12%         3
 Portal Projectile        Hex/Tloc       100%       N/A       12%         3
 Spider Form              Tmut/Pois      83%        N/A       12%         3
 Tukima's Dance           Hex            83%        N/A       12%         3
 Anguish                  Hex/Necr       41%        N/A       36%         4
 Olgreb's Toxic Radiance  Pois           83%        N/A       36%         4
 Blade Hands              Tmut           41%        N/A       71%         5
 Manifold Assault         Tloc           83%        N/A       71%         5
 Summon Forest            Summ/Tloc      41%        N/A       71%         5
 Summon Mana Viper        Hex/Summ       83%        N/A       71%         5
 Yara's Violent Unravell  Hex/Tmut       41%        3d16      71%         5
 Summon Cactus Giant      Summ           41%        N/A       99%         6
 Enfeeble                 Hex            41%        N/A       100%        7
 Chain Lightning          Conj/Air       41%        3d55      100%        9
 Fire Storm               Conj/Fire      41%        8d11      100%        9
 Shatter                  Erth           41%        3d32*     100%        9


Dungeon Overview and Level Annotations

Branches:
Dungeon (14/15)            Temple (1/1) D:5            Lair (5/5) D:8
  Swamp (0/4) Lair:3        Snake (0/4) Lair:2        Slime (0/5) Lair:4
    Orc (2/2) D:12            Elf (0/3) Orc:2        Vaults (0/5) D:13

Altars:
Ashenzari
Cheibriados
Dithmenos
Elyvilon
Fedhas
Gozag
Hepliaklqana
Kikubaaqudgha
Makhleb
Nemelex Xobeh
Okawaru
Qazlal
Ru
Sif Muna
Trog
Uskayaw
Vehumet
Wu Jian
Xom
Yredelemnul
Zin
The Shining One

Shops:
D:3 [   D:4 *:[   D:7 =   Orc:1 *

Annotations:
D:14 exclusion: orange crystal statue


Innate Abilities, Weirdness & Mutations

You have very sharp teeth.
Your uncanny sense of smell can sniff out nearby items.
Your experience applies equally to all skills.


Message History

You kill the orc wizard!
Cheibriados thoroughly appreciates the change of pace.
An orc wizard comes into view. It is wielding a +0 dagger.
You block the orc's attack.
The orc warrior hits you but does no damage.
You block the orc's attack. The orc warrior misses you.
The orc hits you but does no damage.
There is an open gate, spattered with blood here.
Items here: )) [ †.
The orc wizard shouts!
You whack the orc warrior! You block the orc warrior's attack.
The orc hits you but does no damage. You block the orc warrior's attack.
You block the orc's attack.
An orc warrior comes into view. It is wielding a +0 long sword.
The orc warlord roars a battlecry!
The orc warrior goes into a battle-frenzy!
You hear a shout!
You thrash the orc warrior!!
You kill the orc warrior!
Cheibriados appreciates the change of pace.
You block the orc warrior's attack. You block the orc's attack. x2
Activating: Slouch (1% risk of failure)
You can feel time thicken for a moment.
You kill the orc!
Cheibriados thoroughly appreciates the change of pace.
You kill the orc!
Cheibriados appreciates the change of pace.
You kill the orc wizard!
Cheibriados appreciates the change of pace.
You kill the orc!
Cheibriados thoroughly appreciates the change of pace.
You kill the orc!
Cheibriados thoroughly appreciates the change of pace.
You kill the orc!
Cheibriados thoroughly appreciates the change of pace.
You kill the orc wizard!
Cheibriados appreciates the change of pace.
Cheibriados lowers the support of your attributes as your movement quickens.
An orc knight comes into view. It is wielding a +0 long sword.
The orc warrior throws a boomerang.
The boomerang hits you but does no damage.
You now have 24/29 mp.
The orc knight roars a battlecry!
The orc warlord goes into a battle-frenzy!
The orc warlord completely misses you. You block the orc warrior's attack.
The orc warlord roars a battlecry!
The orc knight hits you with a +3 great sword!!
You hear a shout!
Things that are here:
a +0 dagger of flaming; a +0 robe You take 28 damage, and have 91/119 hp.
MASSIVE DAMAGE!!
Activating: Slouch (1% risk of failure)
You can feel time thicken for a moment.
You kill the orc warrior!
Cheibriados thoroughly appreciates the change of pace.
You kill the orc warrior!
Cheibriados appreciates the change of pace.
You kill the orc warrior!
Cheibriados appreciates the change of pace.
You kill the orc sorcerer!
Cheibriados thoroughly appreciates the change of pace.
Cheibriados raises the support of your attributes as your movement slows.
You kill the orc priest!
Cheibriados appreciates the change of pace.
Cheibriados lowers the support of your attributes as your movement quickens.
You block the orc warlord's attack.
The orc knight hits you with a +3 great sword!!!
An orc comes into view. It is wielding a +0 mace.
You hear a shout! x2
You take 41 damage, and have 50/119 hp.
MASSIVE DAMAGE!!
You now have 19/29 mp.
As you read the scroll of teleportation {@r3}, it crumbles to dust.
You feel strangely unstable. The orc knight completely misses you.
You block the orc warlord's attack.
Activating: Slouch (1% risk of failure)
You can feel time thicken for a moment.
You kill the orc warrior!
Cheibriados thoroughly appreciates the change of pace.
You kill the orc!
Cheibriados appreciates the change of pace.
Cheibriados raises the support of your attributes as your movement slows.
Cheibriados lowers the support of your attributes as your movement quickens.
The orc warlord hits you from afar with a +0 bardiche!!!
* * * LOW HITPOINT WARNING * * *
You block the orc knight's attack.
You take 38 damage, and have 13/119 hp.
MASSIVE DAMAGE!!
You now have 15/29 mp.
Your surroundings suddenly seem different.
A warg and 6 orcs come into view.
The orc high priest shouts!
The orc warrior shouts! x2; The orc wizard shouts!
The orc priest shouts!
You hear a shout! x2
A warg comes into view.
An orc warrior comes into view. It is wielding a +0 flail.
An orc comes into view. It is wielding a +0 short sword.
The orc priest invokes the aid of Beogh against you.
Beogh smites you!
You die...

o.##... ..
....... .# ##
....... ....
....... . .#
.oo....#...#
#......#.#
.#.......######
.......@.......
###
........#######
..## ........'
...##
#....ho.#o
##..#
........#.o
##.## ........#
## #..#
........# ##.#
o.o.....# #.#


You could see an orc high priest, a warg, 3 orc warriors, an orc priest, an orc
wizard and 2 orcs.

Vanquished Creatures
  Kirke (Lair:3)
  A yaktaur captain (D:13)
  Josephine (D:14)
  3 boulder beetles
  7 hydras
  Fannar (D:10)
  2 centaur warriors
  4 two-headed ogres
  A tengu warrior (D:13)
  Urug (D:12)
  Sonja (Lair:3)
  A hell knight (D:11)
  Amaemon (D:7)
  A lindwurm (Lair:5)
  A wizard (D:14)
  2 deep elf pyromancers
  An orc knight (Orc:1)
  An ugly thing (D:13)
  A manticore (D:13)
  An orc sorcerer (Orc:2)
  3 cyclopes
  Maurice (D:8)
  18 elephants
  Joseph (D:8)
  2 black mambas
  An orange demon (D:8)
  A gargoyle (D:13)
  7 cane toads
  3 rime drakes
  An unseen horror (shapeshifter) (D:14)
  Psyche (D:8)
  A kobold demonologist (D:11)
  2 yaktaurs (D:13)
  An unseen horror (D:11)
  7 komodo dragons
  2 ice devils (Lair:1)
  4 trolls
  17 blink frogs
  6 hornets
  3 polar bears
  13 dream sheep
  A blink frog (shapeshifter) (D:13)
  15 slime creatures
  13 spriggans (Lair:5)
  Sigmund (D:5)
  6 wraiths
  3 shadows
  57 yaks
  A human (D:11)
  4 basilisks
  7 hogs
  8 wyverns
  A fire elemental (D:11)
  A steam dragon (D:6)
  4 vampire mosquitoes (D:12)
  2 wargs (Orc:1)
  3 nagas (Lair:2)
  17 water moccasins
  A swamp drake (Lair:3)
  2 ice beasts
  13 orc warriors
  8 black bears
  An ogre (D:4)
  9 boggarts
  33 wolves
  A phantom (D:6)
  5 centaurs
  5 kobold brigands
  9 bullfrogs
  2 necrophages
  2 gnoll sergeants
  6 scorpions
  11 wights
  5 killer bees
  4 howler monkeys
  2 lava snakes
  8 orc priests
  A gnoll bouda (D:7)
  4 hounds
  An iron imp (D:4)
  Jessica (D:2)
  3 iguanas
  14 orc wizards
  Natasha (D:3)
  4 hell rats (Lair:4)
  A boggart simulacrum (D:14)
  A hound skeleton (D:4)
  13 gnolls
  5 adders
  A white imp (D:5)
  A dart slug (D:5)
  45 orcs
  6 ball pythons
  3 bats
  8 endoplasms
  A giant cockroach (D:4)
  5 goblins
  8 hobgoblins
  31 kobolds
  4 quokkas
  3 frilled lizards
  7 rats
571 creatures vanquished.

Vanquished Creatures (others)
  An orc warrior (Orc:1)
  2 orcs
  44 fungi
  53 plants
100 creatures vanquished.

Grand Total: 671 creatures vanquished

Notes
Turn   | Place    | Note
-------+----------+-------------------------------------------
     0 | D:1      | Trevise the Gnoll Hunter began the quest for the Orb.
     0 | D:1      | Reached XP level 1. HP: 20/20 MP: 1/1
    48 | D:1      | Identified 3 scrolls of acquirement
    48 | D:1      | Acquired 1217 gold pieces
    50 | D:1      | Acquired a +2 longbow of freezing
    51 | D:1      | Acquired a manual of Ranged Weapons
    61 | D:1      | Reached XP level 2. HP: 26/26 MP: 2/2
   118 | D:1      | Found a faded altar of an unknown god.
   820 | D:1      | Reached XP level 3. HP: 31/31 MP: 3/3
  1316 | D:2      | Reached skill level 1 in Invocations
  1399 | D:2      | Noticed Jessica
  1403 | D:2      | Killed Jessica
  1404 | D:2      | Reached skill level 1 in Short Blades
  1404 | D:2      | Reached skill level 1 in Long Blades
  1404 | D:2      | Reached skill level 1 in Axes
  1404 | D:2      | Reached skill level 1 in Maces & Flails
  1404 | D:2      | Reached skill level 1 in Polearms
  1404 | D:2      | Reached skill level 1 in Staves
  1404 | D:2      | Reached skill level 1 in Throwing
  1404 | D:2      | Reached skill level 1 in Armour
  1404 | D:2      | Reached skill level 1 in Shields
  1404 | D:2      | Reached skill level 1 in Unarmed Combat
  1404 | D:2      | Reached skill level 1 in Spellcasting
  1404 | D:2      | Reached skill level 1 in Evocations
  1404 | D:2      | Reached XP level 4. HP: 38/38 MP: 5/5
  1946 | D:3      | Found Ymmy Ciutu's Antique Armour Shoppe.
  1956 | D:3      | Reached skill level 1 in Conjurations
  1956 | D:3      | Reached skill level 1 in Hexes
  1956 | D:3      | Reached skill level 1 in Summonings
  1956 | D:3      | Reached skill level 1 in Necromancy
  1956 | D:3      | Reached skill level 1 in Translocations
  1956 | D:3      | Reached skill level 1 in Transmutations
  1956 | D:3      | Reached skill level 1 in Fire Magic
  1956 | D:3      | Reached skill level 1 in Ice Magic
  1956 | D:3      | Reached skill level 1 in Air Magic
  1956 | D:3      | Reached skill level 1 in Earth Magic
  1956 | D:3      | Reached skill level 1 in Poison Magic
  1973 | D:3      | Reached XP level 5. HP: 31/43 MP: 7/7
  2086 | D:3      | Bought a pair of embroidered boots for 187 gold pieces
  2176 | D:3      | Noticed Natasha
  2177 | D:3      | Killed Natasha
  2266 | D:3      | Reached skill level 2 in Invocations
  2488 | D:4      | Noticed an ogre
  2491 | D:4      | Killed an ogre
  2492 | D:4      | Reached skill level 5 in Fighting
  2492 | D:4      | Reached skill level 2 in Short Blades
  2492 | D:4      | Reached skill level 2 in Long Blades
  2492 | D:4      | Reached skill level 2 in Axes
  2492 | D:4      | Reached skill level 2 in Maces & Flails
  2492 | D:4      | Reached skill level 2 in Polearms
  2492 | D:4      | Reached skill level 2 in Staves
  2492 | D:4      | Reached skill level 9 in Ranged Weapons
  2492 | D:4      | Reached skill level 2 in Throwing
  2492 | D:4      | Reached skill level 2 in Armour
  2492 | D:4      | Reached skill level 5 in Dodging
  2492 | D:4      | Reached skill level 3 in Stealth
  2492 | D:4      | Reached skill level 2 in Shields
  2492 | D:4      | Reached skill level 2 in Unarmed Combat
  2492 | D:4      | Reached skill level 2 in Spellcasting
  2492 | D:4      | Reached skill level 2 in Evocations
  2492 | D:4      | Reached XP level 6. HP: 51/51 MP: 7/9
  2525 | D:4      | Found Gamycsypi's Antique Armour Boutique.
  2534 | D:4      | Bought a runed helmet for 195 gold pieces
  2575 | D:4      | Found a shadowy altar of Dithmenos.
  2655 | D:4      | Found a burning altar of Makhleb.
  2710 | D:4      | Found Tuuwolaw's General Store.
  2767 | D:4      | Reached XP level 7. HP: 41/56 MP: 10/10
  2991 | D:4      | Found Koenoidu's Book Boutique.
  3113 | D:4      | Found a snail-covered altar of Cheibriados.
  3120 | D:4      | Reached skill level 2 in Conjurations
  3120 | D:4      | Reached skill level 2 in Hexes
  3120 | D:4      | Reached skill level 2 in Summonings
  3120 | D:4      | Reached skill level 2 in Necromancy
  3120 | D:4      | Reached skill level 2 in Translocations
  3120 | D:4      | Reached skill level 2 in Transmutations
  3120 | D:4      | Reached skill level 2 in Fire Magic
  3120 | D:4      | Reached skill level 2 in Ice Magic
  3120 | D:4      | Reached skill level 2 in Air Magic
  3120 | D:4      | Reached skill level 2 in Earth Magic
  3120 | D:4      | Reached skill level 2 in Poison Magic
  3349 | D:5      | Entered Level 5 of the Dungeon
  3352 | D:5      | Noticed Sigmund
  3363 | D:5      | Killed Sigmund
  3364 | D:5      | Reached skill level 3 in Invocations
  3723 | D:5      | Found a glowing silver altar of Zin.
  3818 | D:5      | Reached skill level 3 in Short Blades
  3818 | D:5      | Reached skill level 3 in Long Blades
  3818 | D:5      | Reached skill level 3 in Axes
  3818 | D:5      | Reached skill level 3 in Maces & Flails
  3818 | D:5      | Reached skill level 3 in Polearms
  3818 | D:5      | Reached skill level 3 in Staves
  3818 | D:5      | Reached skill level 3 in Throwing
  3818 | D:5      | Reached skill level 3 in Armour
  3818 | D:5      | Reached skill level 3 in Shields
  3818 | D:5      | Reached skill level 3 in Unarmed Combat
  3818 | D:5      | Reached skill level 3 in Spellcasting
  3818 | D:5      | Reached skill level 3 in Evocations
  3818 | D:5      | Reached XP level 8. HP: 63/63 MP: 12/12
  4324 | D:5      | Reached skill level 4 in Stealth
  4410 | D:5      | Found a staircase to the Ecumenical Temple.
  4419 | Temple   | Entered the Ecumenical Temple
  4668 | D:4      | Became a worshipper of Cheibriados the Contemplative
  5049 | D:6      | Reached skill level 10 in Ranged Weapons
  5290 | D:6      | Reached skill level 3 in Conjurations
  5290 | D:6      | Reached skill level 3 in Hexes
  5290 | D:6      | Reached skill level 3 in Summonings
  5290 | D:6      | Reached skill level 3 in Necromancy
  5290 | D:6      | Reached skill level 3 in Translocations
  5290 | D:6      | Reached skill level 3 in Transmutations
  5290 | D:6      | Reached skill level 3 in Fire Magic
  5290 | D:6      | Reached skill level 3 in Ice Magic
  5290 | D:6      | Reached skill level 3 in Air Magic
  5290 | D:6      | Reached skill level 3 in Earth Magic
  5290 | D:6      | Reached skill level 3 in Poison Magic
  5290 | D:6      | Reached skill level 4 in Invocations
  5344 | D:6      | Reached * piety under Cheibriados
  5527 | D:6      | Reached skill level 6 in Fighting
  5527 | D:6      | Reached skill level 6 in Dodging
  6185 | D:7      | HP: 14/64 [orc warrior/+0 long sword (12)]
  6187 | D:7      | Reached skill level 4 in Short Blades
  6187 | D:7      | Reached skill level 4 in Long Blades
  6187 | D:7      | Reached skill level 4 in Axes
  6187 | D:7      | Reached skill level 4 in Maces & Flails
  6187 | D:7      | Reached skill level 4 in Polearms
  6187 | D:7      | Reached skill level 4 in Staves
  6187 | D:7      | Reached skill level 4 in Throwing
  6187 | D:7      | Reached skill level 4 in Armour
  6187 | D:7      | Reached skill level 4 in Shields
  6187 | D:7      | Reached skill level 4 in Unarmed Combat
  6187 | D:7      | Reached skill level 4 in Spellcasting
  6187 | D:7      | Reached skill level 4 in Evocations
  6187 | D:7      | Reached XP level 9. HP: 16/69 MP: 13/15
  6187 | D:7      | Acquired the +8 orange crystal plate armour {Archmagi,
                  | Int+3 Clar}
  6187 | D:7      | Found the +8 orange crystal plate armour {Archmagi, Int+3
                  | Clar}
  6380 | D:7      | Reached skill level 5 in Stealth
  6401 | D:7      | Found Dackej's Jewellery Shoppe.
  6410 | D:7      | Bought the ring "Vokug" {rElec rF+ Will+ Str+6 Dex+4} for
                  | 923 gold pieces
  6522 | D:7      | Reached skill level 5 in Invocations
  6541 | D:7      | Reached ** piety under Cheibriados
  6582 | D:7      | Found a hazy altar of Hepliaklqana.
  7001 | D:8      | Noticed Amaemon
  7001 | D:8      | Noticed an orange demon
  7157 | D:7      | HP: 15/71 [scorpion[Amaemon] (6)]
  7158 | D:7      | Killed Amaemon
  7159 | D:7      | Reached skill level 11 in Ranged Weapons
  7159 | D:7      | Reached skill level 4 in Conjurations
  7159 | D:7      | Reached skill level 4 in Hexes
  7159 | D:7      | Reached skill level 4 in Summonings
  7159 | D:7      | Reached skill level 4 in Necromancy
  7159 | D:7      | Reached skill level 4 in Translocations
  7159 | D:7      | Reached skill level 4 in Transmutations
  7159 | D:7      | Reached skill level 4 in Fire Magic
  7159 | D:7      | Reached skill level 4 in Ice Magic
  7159 | D:7      | Reached skill level 4 in Air Magic
  7159 | D:7      | Reached skill level 4 in Earth Magic
  7159 | D:7      | Reached skill level 4 in Poison Magic
  7162 | D:7      | HP: 10/71 [poisoned by a scorpion]
  7167 | D:7      | HP: 11/71 [poisoned by a scorpion]
  7172 | D:7      | HP: 13/71 [poisoned by a scorpion]
  7413 | D:8      | Killed an orange demon
  7414 | D:8      | Reached skill level 5 in Short Blades
  7414 | D:8      | Reached skill level 5 in Long Blades
  7414 | D:8      | Reached skill level 5 in Axes
  7414 | D:8      | Reached skill level 5 in Maces & Flails
  7414 | D:8      | Reached skill level 5 in Polearms
  7414 | D:8      | Reached skill level 5 in Staves
  7414 | D:8      | Reached skill level 5 in Throwing
  7414 | D:8      | Reached skill level 5 in Armour
  7414 | D:8      | Reached skill level 5 in Shields
  7414 | D:8      | Reached skill level 5 in Unarmed Combat
  7414 | D:8      | Reached skill level 5 in Spellcasting
  7414 | D:8      | Reached skill level 5 in Evocations
  7414 | D:8      | Reached XP level 10. HP: 77/77 MP: 17/17
  7427 | D:8      | Reached skill level 7 in Fighting
  7427 | D:8      | Reached skill level 7 in Dodging
  7511 | D:8      | Found a staircase to the Lair.
  7592 | D:8      | Noticed Joseph
  7610 | D:8      | Reached skill level 6 in Stealth
  7615 | D:8      | Reached skill level 6 in Invocations
  7616 | D:8      | Reached *** piety under Cheibriados
  7658 | D:8      | Killed Joseph
  7761 | D:8      | Noticed Psyche
  7772 | D:8      | Killed Psyche
  7792 | D:8      | Found a stormy altar of Qazlal.
  7853 | D:8      | Noticed Maurice
  7896 | D:8      | Killed Maurice
  8035 | D:9      | Reached skill level 12 in Ranged Weapons
  8087 | D:9      | Found a sacrificial altar of Ru.
  8158 | D:9      | Reached skill level 6 in Short Blades
  8158 | D:9      | Reached skill level 6 in Long Blades
  8158 | D:9      | Reached skill level 6 in Axes
  8158 | D:9      | Reached skill level 6 in Maces & Flails
  8158 | D:9      | Reached skill level 6 in Polearms
  8158 | D:9      | Reached skill level 6 in Staves
  8158 | D:9      | Reached skill level 6 in Throwing
  8158 | D:9      | Reached skill level 6 in Armour
  8158 | D:9      | Reached skill level 6 in Shields
  8158 | D:9      | Reached skill level 6 in Unarmed Combat
  8158 | D:9      | Reached skill level 6 in Spellcasting
  8158 | D:9      | Reached skill level 6 in Evocations
  8163 | D:9      | Reached skill level 5 in Conjurations
  8163 | D:9      | Reached skill level 5 in Hexes
  8163 | D:9      | Reached skill level 5 in Summonings
  8163 | D:9      | Reached skill level 5 in Necromancy
  8163 | D:9      | Reached skill level 5 in Translocations
  8163 | D:9      | Reached skill level 5 in Transmutations
  8163 | D:9      | Reached skill level 5 in Fire Magic
  8163 | D:9      | Reached skill level 5 in Ice Magic
  8163 | D:9      | Reached skill level 5 in Air Magic
  8163 | D:9      | Reached skill level 5 in Earth Magic
  8163 | D:9      | Reached skill level 5 in Poison Magic
  8198 | D:9      | Noticed a two-headed ogre
  8199 | D:9      | Found an iron altar of Okawaru.
  8199 | D:9      | Found a shimmering altar of Xom.
  8211 | D:9      | Killed a two-headed ogre
  8212 | D:9      | Reached XP level 11. HP: 77/85 MP: 17/20
  8216 | D:9      | Found a broken altar of Ashenzari.
  8390 | D:9      | Noticed a two-headed ogre
  8404 | D:9      | Killed a two-headed ogre
  8455 | D:9      | Reached skill level 7 in Invocations
  8722 | D:10     | Entered Level 10 of the Dungeon
  8796 | D:10     | Reached skill level 8 in Fighting
  8796 | D:10     | Reached skill level 8 in Dodging
  8808 | D:10     | Reached **** piety under Cheibriados
  8873 | D:10     | Noticed Fannar
  8920 | D:10     | Killed Fannar
  8921 | D:10     | Reached skill level 7 in Stealth
  9654 | Lair:1   | Entered Level 1 of the Lair of Beasts
  9863 | Lair:1   | Reached skill level 7 in Short Blades
  9863 | Lair:1   | Reached skill level 7 in Long Blades
  9863 | Lair:1   | Reached skill level 7 in Axes
  9863 | Lair:1   | Reached skill level 7 in Maces & Flails
  9863 | Lair:1   | Reached skill level 7 in Polearms
  9863 | Lair:1   | Reached skill level 7 in Staves
  9863 | Lair:1   | Reached skill level 7 in Throwing
  9863 | Lair:1   | Reached skill level 7 in Armour
  9863 | Lair:1   | Reached skill level 7 in Shields
  9863 | Lair:1   | Reached skill level 7 in Unarmed Combat
  9863 | Lair:1   | Reached skill level 7 in Spellcasting
  9863 | Lair:1   | Reached skill level 7 in Evocations
  9876 | Lair:1   | Reached skill level 13 in Ranged Weapons
  9896 | Lair:1   | Reached ***** piety under Cheibriados
  9897 | Lair:1   | Reached XP level 12. HP: 89/94 MP: 22/22
 10025 | Lair:1   | Reached skill level 6 in Conjurations
 10025 | Lair:1   | Reached skill level 6 in Hexes
 10025 | Lair:1   | Reached skill level 6 in Summonings
 10025 | Lair:1   | Reached skill level 6 in Necromancy
 10025 | Lair:1   | Reached skill level 6 in Translocations
 10025 | Lair:1   | Reached skill level 6 in Transmutations
 10025 | Lair:1   | Reached skill level 6 in Fire Magic
 10025 | Lair:1   | Reached skill level 6 in Ice Magic
 10025 | Lair:1   | Reached skill level 6 in Air Magic
 10025 | Lair:1   | Reached skill level 6 in Earth Magic
 10025 | Lair:1   | Reached skill level 6 in Poison Magic
 10046 | Lair:1   | Reached skill level 8 in Invocations
 10421 | Lair:2   | Found a staircase to the Snake Pit.
 10838 | Lair:2   | Reached skill level 8 in Stealth
 10856 | Lair:2   | Reached skill level 9 in Fighting
 10856 | Lair:2   | Reached skill level 9 in Dodging
 11180 | Lair:3   | Found a staircase to the Swamp.
 11293 | Lair:3   | Noticed Sonja
 11316 | Lair:3   | Killed Sonja
 11317 | Lair:3   | Reached skill level 8 in Short Blades
 11317 | Lair:3   | Reached skill level 8 in Long Blades
 11317 | Lair:3   | Reached skill level 8 in Axes
 11317 | Lair:3   | Reached skill level 8 in Maces & Flails
 11317 | Lair:3   | Reached skill level 8 in Polearms
 11317 | Lair:3   | Reached skill level 8 in Staves
 11317 | Lair:3   | Reached skill level 14 in Ranged Weapons
 11317 | Lair:3   | Reached skill level 8 in Throwing
 11317 | Lair:3   | Reached skill level 8 in Armour
 11317 | Lair:3   | Reached skill level 8 in Shields
 11317 | Lair:3   | Reached skill level 8 in Unarmed Combat
 11317 | Lair:3   | Reached skill level 8 in Spellcasting
 11317 | Lair:3   | Reached skill level 8 in Evocations
 11391 | Lair:3   | Reached XP level 13. HP: 101/101 MP: 25/25
 11585 | Lair:3   | Reached skill level 9 in Invocations
 11855 | Lair:4   | Reached skill level 7 in Conjurations
 11855 | Lair:4   | Reached skill level 7 in Hexes
 11855 | Lair:4   | Reached skill level 7 in Summonings
 11855 | Lair:4   | Reached skill level 7 in Necromancy
 11855 | Lair:4   | Reached skill level 7 in Translocations
 11855 | Lair:4   | Reached skill level 7 in Transmutations
 11855 | Lair:4   | Reached skill level 7 in Fire Magic
 11855 | Lair:4   | Reached skill level 7 in Ice Magic
 11855 | Lair:4   | Reached skill level 7 in Air Magic
 11855 | Lair:4   | Reached skill level 7 in Earth Magic
 11855 | Lair:4   | Reached skill level 7 in Poison Magic
 11950 | Lair:4   | Reached skill level 9 in Stealth
 11952 | Lair:4   | HP: 23/103 [hell rat (9)]
 12227 | Lair:4   | Reached skill level 10 in Fighting
 12227 | Lair:4   | Reached skill level 10 in Dodging
 12447 | Lair:4   | Found a staircase to the Slime Pits.
 12472 | Lair:4   | Noticed Kirke
 12496 | Lair:4   | HP: 20/103 [hog[Kirke] (10)]
 12504 | Lair:3   | HP: 24/103 [hog[Kirke] (5)]
 12604 | Lair:3   | Killed Kirke
 12605 | Lair:3   | Reached skill level 9 in Short Blades
 12605 | Lair:3   | Reached skill level 9 in Long Blades
 12605 | Lair:3   | Reached skill level 9 in Axes
 12605 | Lair:3   | Reached skill level 9 in Maces & Flails
 12605 | Lair:3   | Reached skill level 9 in Polearms
 12605 | Lair:3   | Reached skill level 9 in Staves
 12605 | Lair:3   | Reached skill level 15 in Ranged Weapons
 12605 | Lair:3   | Reached skill level 9 in Throwing
 12605 | Lair:3   | Reached skill level 9 in Armour
 12605 | Lair:3   | Reached skill level 9 in Shields
 12605 | Lair:3   | Reached skill level 9 in Unarmed Combat
 12605 | Lair:3   | Reached skill level 9 in Spellcasting
 12605 | Lair:3   | Reached skill level 9 in Evocations
 12741 | Lair:5   | Entered Level 5 of the Lair of Beasts
 13015 | Lair:5   | Reached skill level 10 in Invocations
 13015 | Lair:5   | Reached XP level 14. HP: 102/110 MP: 27/27
 13822 | Lair:5   | Reached skill level 8 in Conjurations
 13822 | Lair:5   | Reached skill level 8 in Hexes
 13822 | Lair:5   | Reached skill level 8 in Summonings
 13822 | Lair:5   | Reached skill level 8 in Necromancy
 13822 | Lair:5   | Reached skill level 8 in Translocations
 13822 | Lair:5   | Reached skill level 8 in Transmutations
 13822 | Lair:5   | Reached skill level 8 in Fire Magic
 13822 | Lair:5   | Reached skill level 8 in Ice Magic
 13822 | Lair:5   | Reached skill level 8 in Air Magic
 13822 | Lair:5   | Reached skill level 8 in Earth Magic
 13822 | Lair:5   | Reached skill level 8 in Poison Magic
 13904 | Lair:5   | Reached ****** piety under Cheibriados
 14023 | Lair:5   | Learned a level 2 spell: Blink
 14286 | D:11     | Reached skill level 10 in Stealth
 15277 | D:12     | You fall into a shaft and drop 2 floors!
 15317 | D:14     | Noticed Josephine
 15333 | D:14     | Reached skill level 16 in Ranged Weapons
 15339 | D:14     | Killed Josephine
 15433 | D:14     | Reached skill level 11 in Fighting
 15433 | D:14     | Reached skill level 10 in Short Blades
 15433 | D:14     | Reached skill level 10 in Long Blades
 15433 | D:14     | Reached skill level 10 in Axes
 15433 | D:14     | Reached skill level 10 in Maces & Flails
 15433 | D:14     | Reached skill level 10 in Polearms
 15433 | D:14     | Reached skill level 10 in Staves
 15433 | D:14     | Reached skill level 10 in Throwing
 15433 | D:14     | Reached skill level 10 in Armour
 15433 | D:14     | Reached skill level 11 in Dodging
 15433 | D:14     | Reached skill level 10 in Shields
 15433 | D:14     | Reached skill level 10 in Unarmed Combat
 15433 | D:14     | Reached skill level 10 in Spellcasting
 15433 | D:14     | Reached skill level 10 in Evocations
 15721 | D:13     | Reached XP level 15. HP: 118/118 MP: 29/29
 15766 | D:13     | Reached skill level 11 in Invocations
 16073 | D:13     | Found a gate to the Vaults.
 16978 | D:12     | Found a staircase to the Orcish Mines.
 16985 | D:12     | Noticed Urug
 16995 | D:12     | Killed Urug
 17560 | Orc:1    | Entered Level 1 of the Orcish Mines
 17618 | Orc:1    | Found Uwankog's General Store.
 17824 | Orc:2    | Entered Level 2 of the Orcish Mines
 17840 | Orc:2    | Found a staircase to the Elven Halls.
 17948 | Orc:2    | Noticed an orc warlord
 17957 | Orc:2    | HP: 13/119 [orc warlord/+0 bardiche (39)]
 17958 | Orc:2    | Killed from afar by an orc priest

Illustrated notes

Levels and vault maps discovered:
D:1:      minmay_arrival_hallway, layout_loops_corners, basic_ecumenical_altar,
          minmay_unequal
D:2:      layout_loops_ring, uniq_jessica
D:3:      layout_basic, serial_shops, nicolae_shop_advertising_works
          [nicolae_subvault_shop_adworks], minmay_shallow_snake_nest,
          uniq_natasha
D:4:      layout_rooms, grunt_dithmenos_smoke_and_mirrors,
          makhleb_blood_cavern_becter, slow_altar_1, serial_shops,
          nicolae_square_shop, nicolae_shop_temple_entry_statues_fountains,
          kennysheep_mini_moat, chequers_serial_rivers_large_a,
          minmay_fractal_squares_gapless_5
D:5:      layout_layer_cave, mainiacjoe_overflow_cross_hatched,
          lemuel_temple_firewalk_b, uniq_sigmund
D:6:      layout_basic
D:7:      layout_basic, nicolae_hepliaklqana_hazy_memory, serial_shops,
          nicolae_stop_n_shop_2
D:8:      layout_basic, nicolae_qazlal_style_of_elements,
          grunt_lair_entry_orc_guard_hut, uniq_amaemon, uniq_psyche,
          uniq_joseph, uniq_maurice
D:9:      layout_roguey, nicolae_overflow_crystal_walls,
          gammafunk_temple_overflow_claw
D:10:     layout_loops_ring, uniq_fannar
D:11:     layout_long_grid, grunt_livestock, kennysheep_island_fort
D:12:     layout_basic, orc_0_dummy, serial_glass, glass_columns_a,
          glass_columns_a, glass_columns_a, glass_columns_a, glass_columns_a,
          glass_columns_a, uniq_urug
D:13:     layout_cave_pods, david_vaults_2
D:14:     layout_cave_pools, grunt_decor_junction, minmay_protected_statue,
          uniq_josephine
Temple:   nicolae_temple_bog_church
Lair:1:   layout_loops_ring, portal_ice_cave_demonic_guard, grunt_megastairs_2
Lair:2:   layout_roguey, guppyfry_snake_entry_island
Lair:3:   layout_cave_shapes, minmay_swamp_entry_reptiles, uniq_sonja
Lair:4:   layout_roguey, slime_entry_1, grunt_megastairs_3, uniq_kirke
Lair:5:   minmay_lair_end_enchanted_forest, layout_long_grid,
          infiniplex_staircase_pool_2
Orc:1:    layout_caves, basic_altar, serial_shops, nicolae_shop_waterfront
Orc:2:    grunt_orc_community_town_hall, layout_diamond_mine,
          grunt_orc_community_big_house_2, grunt_orc_community_big_house_2,
          grunt_orc_community_house_3, grunt_orc_community_house_1,
          grunt_orc_community_house_3, grunt_orc_community_house_1,
          guppyfry_orc_lava_fort, uniq_donald, uniq_erolcha

Skill      XL: |  1  2  3  4  5  6  7  8  9 10 11 12 13 14 15 |
---------------+----------------------------------------------+-----
Invocations    | 1 2 3 4 5 6 7 8 10 11 | 11.3
Short Blades   | 1 2 3 4 5 6 7 8 9 10 | 10.4
Long Blades    | 1 2 3 4 5 6 7 8 9 10 | 10.4
Axes           | 1 2 3 4 5 6 7 8 9 10 | 10.4
Maces & Flails | 1 2 3 4 5 6 7 8 9 10 | 10.4
Polearms       | 1 2 3 4 5 6 7 8 9 10 | 10.4
Staves         | 1 2 3 4 5 6 7 8 9 10 | 10.4
Throwing       | 1 2 3 4 5 6 7 8 9 10 | 10.4
Armour         | 1 2 3 4 5 6 7 8 9 10 | 10.4
Shields        | 1 2 3 4 5 6 7 8 9 10 | 10.4
Unarmed Combat | 1 2 3 4 5 6 7 8 9 10 | 10.4
Spellcasting   | 1 2 3 4 5 6 7 8 9 10 | 10.4
Evocations     | 1 2 3 4 5 6 7 8 9 10 | 10.4
Conjurations   | 1 2 3 4 5 6 7 8 |  8.8
Hexes          | 1 2 3 4 5 6 7 8 |  8.8
Summonings     | 1 2 3 4 5 6 7 8 |  8.8
Necromancy     | 1 2 3 4 5 6 7 8 |  8.8
Translocations | 1 2 3 4 5 6 7 8 |  8.8
Transmutations | 1 2 3 4 5 6 7 8 |  8.8
Fire Magic     | 1 2 3 4 5 6 7 8 |  8.8
Ice Magic      | 1 2 3 4 5 6 7 8 |  8.8
Air Magic      | 1 2 3 4 5 6 7 8 |  8.8
Earth Magic    | 1 2 3 4 5 6 7 8 |  8.8
Poison Magic   | 1 2 3 4 5 6 7 8 |  8.8
Fighting       | 5 6 7 8 9 10 11 | 11.4
Ranged Weapons | 9 10 11 12 13 14 15 16 | 16.5
Dodging        | 5 6 7 8 9 10 11 | 11.4
Stealth        | 3 4 5 6 7 8 9 10 | 10.7

Action                   |  1- 3 |  4- 6 |  7- 9 | 10-12 | 13-15 || total
-------------------------+-------+-------+-------+-------+-------++-------
Melee: Flail             |       |       |    20 |       |       ||    20
       Bite              |       |       |     8 |   135 |   240 ||   383
       Demon whip        |       |       |     7 |   722 |  1204 ||  1933
       Unarmed           |       |       |       |       |     7 ||     7
 Fire: Shortbow          |     5 |       |       |       |       ||     5
       Longbow           |    41 |    80 |   191 |       |       ||   312
Throw: Stone             |       |       |    16 |    41 |       ||    57
Invok: Bend Time         |       |       |       |     7 |     3 ||    10
       Temporal Distorti |       |       |       |     1 |     1 ||     2
       Slouch            |       |       |       |     3 |    13 ||    16
Evoke: Wand              |       |       |     8 |       |       ||     8
  Use: Scroll            |     3 |       |    13 |     2 |    17 ||    35
 Stab: Confused          |       |       |       |     2 |       ||     2
Armor: Leather armour    |     1 |     5 |    15 |       |       ||    21
       Crystal plate arm |       |       |   167 |   352 |   653 ||  1172
Dodge: Dodged            |     9 |    13 |    69 |   195 |   618 ||   904
Block: Kite shield       |       |       |     5 |   482 |  1117 ||  1604

Table legend: (Time is in decaauts)
 A = Elapsed time spent in this place.
 B = Non-inter-level travel time spent in this place.
 C = Inter-level travel time spent in this place.
 D = Time resting spent in this place.
 E = Time spent auto-exploring this place.
 F = Levels seen in this place.
 G = Mean time per level.
                   A        B        C        D        E       F      G
               +--------+--------+--------+--------+--------+-----+--------+
         Total |  24765 |  22817 |   1948 |    766 |  18192 |  22 | 1125.7 |
       Dungeon |  17320 |  15811 |   1509 |    377 |  13113 |  14 | 1237.1 |
        Temple |    165 |    154 |     11 |      0 |    142 |   1 |  165.0 |
          Lair |   6596 |   6181 |    415 |    389 |   4353 |   5 | 1319.2 |
  Orcish Mines |    683 |    671 |     12 |      0 |    583 |   2 |  341.5 |
               +--------+--------+--------+--------+--------+-----+--------+

Top non-repeatable levels by time:
  Lair:5: 1865 daAuts
     D:6: 1782 daAuts
    D:12: 1737 daAuts
    D:13: 1733 daAuts
    D:11: 1488 daAuts
    D:10: 1487 daAuts
     D:5: 1456 daAuts
  Lair:2: 1387 daAuts
  Lair:1: 1277 daAuts
     D:7: 1272 daAuts
     D:9: 1189 daAuts
  Lair:3: 1126 daAuts
     D:4: 1057 daAuts
     D:1: 1011 daAuts
     D:8: 987 daAuts

Table legend:
 A = Kills in this place as a percentage of kills in entire the game.
 B = Kills by you in this place as a percentage of kills by you in the entire game.
 C = Kills by friends in this place as a percentage of kills by friends in the entire game.
 D = Other kills in this place as a percentage of other kills in the entire game.
 E = Experience gained in this place as a percentage of experience gained in the entire game.
 F = Experience gained in this place divided by the number of levels of this place that you have seen.
                   A       B       C       D       E      F
               +-------+-------+-------+-------+-------+----------------------
         Total | 100.0 | 100.0 |   N/A | 100.0 | 100.0 | 4773.7
       Dungeon |  56.3 |  56.4 |   N/A |   0.0 |  45.5 | 3414.1
          Lair |  36.5 |  36.6 |   N/A |   0.0 |  51.3 | 10776.4
  Orcish Mines |   7.2 |   7.0 |   N/A | 100.0 |   3.2 | 1671.5
               +-------+-------+-------+-------+-------+----------------------
